[Event "*** Titled Tuesday Blitz"]
[Site "Chess.com"]
[Date "2021.03.09"]
[Round "5"]
[White "The_filthy"]
[Black "OMGCovid-19"]
[Result "1-0"]
[WhiteElo "2325"]
[BlackElo "2083"]
[TimeControl "180+1"]
[EndTime "10:57:43 PST"]
[Termination "The_filthy won by checkmate"]

1. e4 e6 2. d4 d5 3. Nc3 Bb4 4. e5 c5 5. Bd2 cxd4 6. Nb5 Bf8 7. Nf3 Nc6 8. Nbxd4 Nge7 9. Bd3 Nxd4 10. Nxd4 Nc6 11.
Nf3 Be7 12. c3 Qc7 13. Qe2 f5 14. exf6 Bxf6 15. O-O-O O-O 16. Kb1 e5 17. Bc2 Be6 18.
h4 b5 19. Ng5 Bxg5 20. hxg5 g6 21. Rh6 Bf5 22. Bxf5 Rxf5 23. g4 Rf7 24. Rdh1 b4 25.
f4 bxc3 26. Bxc3 d4 27. Bd2 exf4 28. Qe6 Qe5 29. Rxh7 Rd8 30. Qxf7# 1-0

[Event "*** Titled Tuesday Blitz"]
[Site "Chess.com"]
[Date "2021.03.09"]
[Round "5"]
[White "KazakhFighter04"]
[Black "Gerodot71"]
[Result "1-0"]
[WhiteElo "2761"]
[BlackElo "2574"]
[TimeControl "180+1"]
[EndTime "10:57:44 PST"]
[Termination "KazakhFighter04 won by resignation"]

1. d4 Nf6 2. Nf3 d5 3. c4 e6 4.
g3 Be7 5. Bg2 O-O 6. Qc2 dxc4 7.
Qxc4 a6 8. Qc2 Nc6 9. e3 Bd6 10.
O-O e5 11. dxe5 Nxe5 12. Nxe5 Bxe5 13. Nd2 Qe7 14. Nc4 Rd8 15. Bd2 Bg4 16. Bxb7 Rab8 17.
Nxe5 Qxe5 18. Bc3 Qh5 19. Bxf6 gxf6 20. Bg2 Qe5 21. b3 Bf5 22. Qc4 Rb6 23. Rfd1 Rbd6 24.
Re1 Rd2 25. a4 Bd3 26. Qg4+ Kh8 27. Rac1 Bf5 28. Qf4 Qa5 29. Qxc7 Qb4 30. h4 Kg7 31. Qc5 Qxb3 32. Qxf5 Qb2 1-0

[Event "*** Titled Tuesday Blitz"]
[Site "Chess.com"]
[Date "2021.03.09"]
[Round "5"]
[White "tk22h"]
[Black "HouseOfDurin"]
[Result "1/2-1/2"]
[WhiteElo "2335"]
[BlackElo "2148"]
[TimeControl "180+1"]
[EndTime "10:57:45 PST"]
[Termination "Game drawn by repetition"]

1. c4 c5 2. Nf3 Nc6 3. Nc3 e5 4.
g3 g6 5. Bg2 Bg7 6. O-O Nge7 7.
d3 h6 8. a3 a5 9. Rb1 O-O 10. Bd2 d5 11. cxd5 Nxd5 12. Nxd5 Qxd5 13. Qc1 Qb3 14. Bxh6 Nd4 15. Nxd4 cxd4 16. Bxg7 Kxg7 17.
Qc4 Be6 18. Qxb3 Bxb3 19. Rbc1 Rab8 20. Rc7 Rfc8 21. Rfc1 Rxc7 22. Rxc7 b5 23. f4 Kf6 24.
Kf2 b4 25. axb4 Rxb4 26. fxe5+ Kxe5 27. Rc5+ Kf6 28. Rxa5 Bd1 29. Bf3 Rxb2 30. Rd5 Rb4 31. h4 Bb3 32. Rd7 Be6 33. Rb7 Rxb7 34. Bxb7 Ke5 35. e3 f6 36. Be4 g5 37. hxg5 fxg5 38.
exd4+ Kxd4 39. Ke2 Bg4+ 40. Kd2 Be6 41. Bg6 Bd5 42.
Bh7 Bb7 43. Bg6 Ba6 44. Bh7 Bb5 45. Bg6 Ba6 46. Bh7 Bb5 47. Bg6 Ba6 1/2-1/2

[Event "*** Titled Tuesday Blitz"]
[Site "Chess.com"]
[Date "2021.03.09"]
[Round "5"]
[White "Elshan1985"]
[Black "Leonid_Starozhilov"]
[Result "1-0"]
[WhiteElo "2888"]
[BlackElo "2692"]
[TimeControl "180+1"]
[EndTime "10:57:46 PST"]
[Termination "Elshan1985 won by resignation"]

1. Nf3 Nf6 2. d4 g6 3. Bg5 Bg7 4.
Nbd2 d5 5. c3 c6 6. e3 Bf5 7.
Qb3 Qb6 8. Be2 O-O 9. O-O Nbd7 10. Nh4 Be6 11. Bf4 h6 12. Nhf3 Bf5 13. c4 e6 14. h3 g5 15. Bh2 Ne4 16. Nxe4 Bxe4 17. Nd2 Bg6 18. c5 Qxb3 19. Nxb3 b6 20. Rfc1 b5 21. a4 a6 22. Na5 Rac8 23. axb5 axb5 24. Nxc6 Rxc6 25. Bxb5 Rfc8 26. Bxc6 Rxc6 27. b4 Bd3 28. Ra5 Rc8 29. b5 e5 30. c6 exd4 31. Rd1 dxe3 32. Rxd3 e2 33. Re3 Bc3 34. cxd7 Rd8 35. Ra7 e1=Q+ 36.
Rxe1 Bxe1 37. Be5 Bb4 1-0

[Event "*** Titled Tuesday Blitz"]
[Site "Chess.com"]
[Date "2021.03.09"]
[Round "5"]
[White "IECS12"]
[Black "konradrutkowski"]
[Result "0-1"]
[WhiteElo "2227"]
[BlackElo "2387"]
[TimeControl "180+1"]
[EndTime "10:57:46 PST"]
[Termination "konradrutkowski won by resignation"]

1. d4 Nf6 2. Bf4 g6 3. Nc3 Bg7 4.
e4 O-O 5. Qd2 d6 6. O-O-O c5 7.
dxc5 Qa5 8. cxd6 exd6 9. Bxd6 Re8 10. f3 Nc6 11. Bc4 Be6 12. Bxe6 Rxe6 13. Bf4 Nh5 14. Be3 Rd8 15. Qe2 Rxd1+ 16. Nxd1 Qxa2 17. c3 Na5 18.
Nh3 Nc4 19. Qc2 Nxe3 20. Nxe3 Bh6 21. Re1 Rd6 22. g3 Qa1+ 23. Qb1 Bxe3+ 24. Kc2 Rd2+ 25. Kb3 Qa5 26. Rxe3 Qb6+ 27. Ka2 Qxe3 28. g4 Nf4 29. Nxf4 Qxf4 30. Qf1 Qe5 31. Qc4 Qa5+ 32. Kb1 Qb6 33.
b4 Qg1+ 0-1

[Event "*** Titled Tuesday Blitz"]
[Site "Chess.com"]
[Date "2021.03.09"]
[Round "5"]
[White "Sychev_Klementy"]
[Black "Mikasinski"]
[Result "1-0"]
[WhiteElo "2879"]
[BlackElo "2469"]
[TimeControl "180+1"]
[EndTime "10:57:47 PST"]
[Termination "Sychev_Klementy won by resignation"]

1. e4 c5 2. d4 cxd4 3. c3 Nf6 4. e5 Nd5 5. Nf3 e6 6. cxd4 d6 7. Bc4 Be7 8. O-O Nc6 9. a3 O-O 10. Bd3 f5 11. exd6 Qxd6 12. Nc3 Nxc3 13. bxc3 Bd7 14. Re1 Rad8 15. a4 Rfe8 16. Bc4 Bf6 17. Ba3 Qf4 18. g3 Qg4 19. Kg2 Na5 20. h3 Qh5 21. Bb5 Bxb5 22. axb5 Nc4 23. Bc5 b6 24. Bb4 Qf7 25. Qb3 Rc8 26. Qa2 Rc7 27. Re2 e5 28.
dxe5 Nxe5 29. Qxf7+ Kxf7 30. Bd6 Nxf3 31. Rxe8 Rd7 32. Rf8+ Kg6 33. Bb8 Bxc3 34. Rxa7 Ne1+ 35. Kf1 Rd5 36. Rc7 Ba5 37. Rc6+ Kh5 38. Rxf5+ Rxf5 39. g4+ Kg5 40. gxf5 Kxf5 41. Bc7 1-0

[Event "*** Titled Tuesday Blitz"]
[Site "Chess.com"]
[Date "2021.03.09"]
[Round "5"]
[White "Alexsur1981"]
[Black "NateSolon"]
[Result "1-0"]
[WhiteElo "2836"]
[BlackElo "2601"]
[TimeControl "180+1"]
[EndTime "10:57:48 PST"]
[Termination "Alexsur1981 won by resignation"]

1. e4 c5 2. Nc3 d6 3. f4 g6 4. d4 cxd4 5. Qxd4 Nf6 6. Nf3 Bg7 7. Bd3 O-O 8. Qf2 Nc6 9. O-O a6 10. h3 b5 11. a3 Bb7 12. Be3 Rc8 13. Bb6 Qe8 14.
Rae1 Nd7 15. Be3 e6 16. Kh1 Qe7 17. Qg3 Na5 18. Bc1 Nc4 19. Nd1 Rfe8 20. c3 a5 21. Ne3 Nxe3 22. Bxe3 Nc5 23. Bxc5 Rxc5 24. f5 Qc7 25. Nd4 Qb6 26. f6 Bf8 27. Nc2 d5 28. e5 d4 29. cxd4 Rc7 30. Rf2 b4 31. axb4 axb4 32. Qh4 b3 33. Ne3 Rd8 34. Rf4 Rcd7 35.
Ng4 Rxd4 36. Nh6+ 1-0

[Event "*** Titled Tuesday Blitz"]
[Site "Chess.com"]
[Date "2021.03.09"]
[Round "5"]
[White "MatyChess1"]
[Black "Aleksey_Sorokin"]
[Result "0-1"]
[WhiteElo "2582"]
[BlackElo "2781"]
[TimeControl "180+1"]
[EndTime "10:57:48 PST"]
[Termination "Aleksey_Sorokin won by resignation"]

1. e4 c6 2. Nf3 d5 3. Nc3 dxe4 4.
Nxe4 Nf6 5. Qe2 Nxe4 6. Qxe4 Qd5 7. Qh4 Qe6+ 8. Be2 Qg4 9. Qg3 h6 10. d4 Qxg3 11. hxg3 Bg4 12. Bf4 Nd7 13. O-O-O e6 14. Rhe1 Bxf3 15. Bxf3 O-O-O 16. a3 Nf6 17. b4 Bd6 18.
Bd2 Bc7 19. c3 Rd7 20. Kc2 Rhd8 21. g4 Nd5 22. g3 Kb8 23. Rb1 Nb6 24. Bc1 a6 25.
Kb3 Ka7 26. a4 Nd5 27. Kc2 Bb6 28. g5 hxg5 29. Bxg5 f6 30. Bc1 e5 31. a5 Bc7 32. c4 Nxb4+ 33. Rxb4 Bxa5 34. Ba3 Rxd4 35. Rbb1 Rxc4+ 36. Kb2 Bxe1 37. Rxe1 Rd2+ 38. Kb3 b5 39. Be2 Rcc2 40. Bf3 Kb6 41. Be4 Rc4 42. f3 a5 43.
Bf8 a4+ 44. Ka3 Rc3+ 0-1

[Event "*** Titled Tuesday Blitz"]
[Site "Chess.com"]
[Date "2021.03.09"]
[Round "5"]
[White "Hongjin"]
[Black "BeanScreen"]
[Result "0-1"]
[WhiteElo "2493"]
[BlackElo "2684"]
[TimeControl "180+1"]
[EndTime "10:57:48 PST"]
[Termination "BeanScreen won by resignation"]

1. c4 e5 2. Nc3 Nf6 3. Nf3 Nc6 4. e4 Bb4 5. d3 d6 6. Bd2 Bg4 7. Be2 Bxf3 8. Bxf3 Nd4 9. O-O O-O 10. a3 Bc5 11. b4 Bb6 12. Na4 Nd7 13. Nxb6 axb6 14. Bg4 Qe7 15. Bh3 Ra7 16. f4 Rfa8 17. a4 exf4 18.
Bxf4 Ne5 19. Be3 c5 20. Rf2 Nec6 21. b5 Ne5 22. Rfa2 Qf6 23. Bxd4 cxd4 24. Rf2 Qg5 25. Qb3 Qe3 26. Rd1 Rxa4 0-1

[Event "*** Titled Tuesday Blitz"]
[Site "Chess.com"]
[Date "2021.03.09"]
[Round "5"]
[White "lachesisQ"]
[Black "BilodeauA"]
[Result "1-0"]
[WhiteElo "3091"]
[BlackElo "2907"]
[TimeControl "180+1"]
[EndTime "10:57:49 PST"]
[Termination "lachesisQ won by checkmate"]

1. e4 e5 2. Nf3 Nc6 3. d4 exd4 4. Nxd4 Bc5 5. Nxc6 bxc6 6. Nc3 Ne7 7. Bc4 O-O 8. Bg5 d6 9. Qd2 Be6 10. Bb3 Qe8 11.
O-O-O Ng6 12. h4 Ne5 13. h5 f6 14. Be3 Bb6 15. h6 g6 16. f4 Nc4 17. Bxc4 Bxc4 18. g4 Qd7 19. f5 Rae8 20. Bxb6 axb6 21. g5 gxf5 22. gxf6 Rxf6 23. Qd4 Qe6 24. Rhg1+ Kh8 25.
b3 Ba6 26. Rg7 c5 27. Qa4 Bb7 28. Rxc7 Bxe4 29. Rxd6 Qxd6 30. Qxe8+ Rf8 31. Qe7 Qf4+ 32.
Kb2 Qxh6 33. Rd7 Qf6 34. Qxh7# 1-0

[Event "*** Titled Tuesday Blitz"]
[Site "Chess.com"]
[Date "2021.03.09"]
[Round "5"]
[White "SHIVACalypso"]
[Black "Trankuilizer"]
[Result "0-1"]
[WhiteElo "2370"]
[BlackElo "2587"]
[TimeControl "180+1"]
[EndTime "10:57:50 PST"]
[Termination "Trankuilizer won by resignation"]

1. Nf3 Nf6 2. c4 g6 3. g3 Bg7 4. Bg2 O-O 5. O-O d6 6. Nc3 Nbd7 7. d3 e5 8. Rb1 Re8 9. Nd2 a5 10. a3 Nc5 11. b4 axb4 12. axb4 Ne6 13. Bb2 Nd4 14. e3 Nc6 15. b5 Nb4 16. Nde4 Nxe4 17.
Nxe4 d5 18. Nc5 Qd6 19. Bc3 Na2 20. Bb2 Qxc5 21. Qb3 dxc4 22. dxc4 Be6 23. Bd5 Bxd5 24. cxd5 Qb4 25. Qxb4 Nxb4 26. Rfd1 Nc2 27. Rd2 Na3 28. Rc1 Nxb5 0-1

[Event "*** Titled Tuesday Blitz"]
[Site "Chess.com"]
[Date "2021.03.09"]
[Round "5"]
[White "jens1102"]
[Black "SlavenPastar"]
[Result "1-0"]
[WhiteElo "2436"]
[BlackElo "2544"]
[TimeControl "180+1"]
[EndTime "10:57:51 PST"]
[Termination "jens1102 won by resignation"]

1. c4 b6 2. Nc3 Bb7 3. d4 g6 4.
e4 Bg7 5. f4 d6 6. Nf3 Nd7 7. Bd3 e5 8. d5 Nc5 9. O-O Nxd3 10.
Qxd3 exf4 11. Bxf4 Nf6 12. e5 dxe5 13. Bxe5 O-O 14.
Nd4 Nd7 15. Bxg7 Kxg7 16. Rae1 Qh4 17. Re4 Nc5 18. Rxh4 Nxd3 19. Ndb5 Nxb2 20. Nxc7 Rac8 21. d6 Rfd8 22. N3b5 a6 23. Na7 Rb8 24. Rd4 Na4 25.
d7 Nc5 26. Rfd1 Be4 27. Rxe4 Nxe4 28. Nc6 Nc3 29. Rd3 Ne2+ 30. Kf1 Nf4 31. Rd2 Ne6 32. Nxe6+ fxe6 33. Nxb8 1-0

[Event "*** Titled Tuesday Blitz"]
[Site "Chess.com"]
[Date "2021.03.09"]
[Round "5"]
[White "Mazetovic"]
[Black "djano"]
[Result "1-0"]
[WhiteElo "2678"]
[BlackElo "2475"]
[TimeControl "180+1"]
[EndTime "10:57:52 PST"]
[Termination "Mazetovic won by resignation"]

1. e4 c5 2. Nf3 Nc6 3. Bb5 g6 4.
O-O Bg7 5. Re1 Nf6 6. e5 Nd5 7. Nc3 Nc7 8. Bxc6 dxc6 9. Ne4 b6 10. d3 Ne6 11. Be3 Nd4 12. Nxd4 cxd4 13. Bf4 h6 14. h4 Be6 15. Qd2 Qd7 16. a4 Kf8 17. a5 Rc8 18.
axb6 axb6 19. Ra6 Rb8 20. Rea1 Kg8 21. Qb4 Qd8 22. Ra7 Bf8 23. Qd2 c5 24. f3 c4 25.
dxc4 Bxc4 26. b3 Be6 27. R1a4 b5 28. Rxd4 Qb6 29. Ra1 Bg7 30. Rd1 Kh7 31. Kh2 Rhc8 32. b4 Qc6 33. Nc5 Bc4 34. c3 e6 35. Rd7 Rc7 36. Rxc7 Qxc7 37. Na6 Qa7 38. Nxb8 Qxb8 39. Qd6 Qa8 40. Qe7 Qa4 41. Rd7 Qc2 42. Qxf7 1-0

[Event "*** Titled Tuesday Blitz"]
[Site "Chess.com"]
[Date "2021.03.09"]
[Round "5"]
[White "lucachess49"]
[Black "Savagelittlemole"]
[Result "0-1"]
[WhiteElo "2385"]
[BlackElo "2530"]
[TimeControl "180+1"]
[EndTime "10:57:52 PST"]
[Termination "Savagelittlemole won on time"]

1. d4 Nf6 2. c4 c5 3. d5 e6 4. Nc3 exd5 5. cxd5 d6 6. Nf3 g6 7. Bf4 a6 8. a4 Bg7 9. e3 O-O 10. h3 Qe7 11. Be2 Nbd7 12. O-O Ne8 13. a5 f5 14. Nd2 Ne5 15. Qb3 Nf6 16. Qb6 Nfd7 17. Qc7 g5 18. Bh2 f4 19. Nde4 f3 20.
Bxf3 Nxf3+ 21. gxf3 Rxf3 22. Bxd6 Qe8 23. Nxg5 Qg6 24. Qd8+ Nf8 25. Kh1 Bxh3 26. Qxa8 Bxf1 27. Rxf1 Qxg5 28. Rg1 Qh6+ 29. Bh2 Rxf2 30. Rg2 Rf1+ 31. Rg1 Rxg1+ 32. Kxg1 Qxe3+ 33. Kg2 Qd2+ 34. Kh3 Qd3+ 35. Kg2 Qc2+ 36. Kh3 Qxb2 37. Ne4 Qb3+ 38. Ng3 Qxd5 39.
Qc8 Qe6+ 40. Qxe6+ Nxe6 41. Ne4 Bf8 42. Kg4 c4 43.
Kf5 Nc5 44. Nf6+ Kf7 0-1

[Event "*** Titled Tuesday Blitz"]
[Site "Chess.com"]
[Date "2021.03.09"]
[Round "5"]
[White "manitodeplomo"]
[Black "Mbneu"]
[Result "1-0"]
[WhiteElo "2574"]
[BlackElo "2293"]
[TimeControl "180+1"]
[EndTime "10:57:52 PST"]
[Termination "manitodeplomo won by resignation"]

1. d4 Nf6 2. c4 c5 3. d5 e6 4. Nc3 exd5 5. cxd5 d6 6. e4 g6 7. h3 Bg7 8. Nf3 O-O 9. Bd3 b5 10. Nxb5 Re8 11. O-O Nxe4 12. Bxe4 Rxe4 13. Ng5 Re7 14. Qf3 Ba6 15. a4 Nd7 16. Ne4 Ne5 17. Qg3 Bxb5 18. axb5 Qb6 19. Bg5 Rb7 20. Nf6+ Kh8 21. Qh4 h5 22. f4 c4+ 23. Kh1 Nd7 24. f5 Ne5 25.
g4 Qd4 26. Rf4 Qxb2 27. Raf1 Nd3 28. gxh5 gxf5 29. h6 Bf8 30. Rxf5 Ne5 31. Qe4 Ng6 32. Ng4 Qc3 33. Bf6+ Qxf6 34. Rxf6 1-0

[Event "*** Titled Tuesday Blitz"]
[Site "Chess.com"]
[Date "2021.03.09"]
[Round "5"]
[White "Papa12341234"]
[Black "SantoBlue"]
[Result "0-1"]
[WhiteElo "2606"]
[BlackElo "2850"]
[TimeControl "180+1"]
[EndTime "10:57:54 PST"]
[Termination "SantoBlue won by resignation"]

1. Nf3 Nf6 2. e3 g6 3. b3 Bg7 4. Bb2 c5 5. Be2 O-O 6. O-O b6 7. d3 Bb7 8. Nbd2 d6 9. e4 Nc6 10. Re1 e5 11. Bf1 Nh5 12. c3 Nf4 13. d4 cxd4 14.
cxd4 exd4 15. Nc4 Ne6 16. Rc1 b5 17. Ncd2 Qb6 18. h4 h5 19. Bd3 a6 20. Nf1 Rfe8 21. Ng3 Rad8 22. a3 Ne5 23. Bb1 Nxf3+ 24.
Qxf3 Nc5 25. Qd1 Ne6 26. b4 Rc8 27. Qf3 Rxc1 28. Rxc1 Qd8 29. Ba2 Be5 30. Ne2 Qxh4 31.
Bxe6 Rxe6 32. Rc7 Rf6 33. g3 Rxf3 34. gxh4 d3 35. Nc3 d2 36. Nd1 Bxe4 37. Bxe5 dxe5 38.
Rd7 Rh3 39. Kf1 Bf3 0-1

[Event "*** Titled Tuesday Blitz"]
[Site "Chess.com"]
[Date "2021.03.09"]
[Round "5"]
[White "Cptn2"]
[Black "GelmanAlexander"]
[Result "1-0"]
[WhiteElo "2450"]
[BlackElo "2577"]
[TimeControl "180+1"]
[EndTime "10:57:54 PST"]
[Termination "Cptn2 won by resignation"]

1. e4 c5 2. Nf3 e6 3. d4 cxd4 4. Nxd4 a6 5. c4 d6 6. Nc3 Nf6 7. Be3 b6 8. Be2 Bb7 9. f3 Nbd7 10. O-O Rc8 11. Qd2 h6 12. Rac1 g5 13. Rfe1 Rg8 14. h3 Ne5 15. b3 Nfd7 16. Kh1 h5 17.
f4 gxf4 18. Bxf4 h4 19. Rf1 Qe7 20. Bh5 Nf6 21. Bg5 Rxg5 22. Qxg5 Nxe4 23. Nxe4 Bxe4 24.
Nxe6 Qxe6 25. Rce1 Be7 26. Qe3 Ba8 27. Bxf7+ Qxf7 28. Rxf7 Kxf7 29. Qf4+ Ke6 30. Qg4+ Kf7 31. Qxc8 Bc6 32.
Rxe5 1-0

[Event "*** Titled Tuesday Blitz"]
[Site "Chess.com"]
[Date "2021.03.09"]
[Round "5"]
[White "Tactictic"]
[Black "Aemulus20"]
[Result "1-0"]
[WhiteElo "2431"]
[BlackElo "2543"]
[TimeControl "180+1"]
[EndTime "10:57:54 PST"]
[Termination "Tactictic won by resignation"]

1. e4 c5 2. Nf3 d6 3. d4 cxd4 4. Nxd4 Nf6 5. Nc3 a6 6. Be3 e5 7. Nf3 Qc7 8. a4 Be6 9. a5 Nbd7 10. Nd5 Qc6 11. Bb6 Nxd5 12. exd5 Bxd5 13. Be2 Nxb6 14. axb6 Be7 15. O-O O-O 16. b3 Bxf3 17. Bxf3 e4 18. Re1 exf3 19. Rxe7 fxg2 20. Ra4 Rae8 21.
Rae4 Rxe7 22. Rxe7 Qxb6 23. Rd7 Rd8 24. Qd4 Qa5 25. b4 Qg5 26. Qf4 1-0

[Event "*** Titled Tuesday Blitz"]
[Site "Chess.com"]
[Date "2021.03.09"]
[Round "5"]
[White "davigator"]
[Black "LubovMarkelova"]
[Result "1-0"]
[WhiteElo "2388"]
[BlackElo "2228"]
[TimeControl "180+1"]
[EndTime "10:57:54 PST"]
[Termination "davigator won on time"]

1. e4 e6 2. d4 d5 3. Nc3 Nf6 4. e5 Nfd7 5. f4 c5 6. Nf3 Nc6 7. Be3 Be7 8. Qd2 b6 9. Bb5 Bb7 10. O-O O-O 11. Kh1 f5 12. Rg1 cxd4 13. Bxd4 Nxd4 14. Nxd4 Nc5 15. Rad1 Qc8 16. Nce2 Ne4 17.
Qe3 g5 18. g4 Kh8 19. gxf5 gxf4 20. Nxf4 exf5 21. Rg2 Rg8 22. Rdg1 Qc5 23. c3 a6 24. Bd3 Bh4 25. h3 Nf2+ 26. Rxf2 Bxf2 27. Qxf2 Rxg1+ 28. Qxg1 Rg8 29. Qe3 Qe7 30. Kh2 Qg5 31. e6 b5 32.
Bxf5 Rf8 33. Qe5+ Kg8 34. Bxh7+ Kxh7 35. Qxg5 1-0

[Event "*** Titled Tuesday Blitz"]
[Site "Chess.com"]
[Date "2021.03.09"]
[Round "5"]
[White "Make_it_shine060"]
[Black "kekic76"]
[Result "0-1"]
[WhiteElo "2241"]
[BlackElo "2344"]
[TimeControl "180+1"]
[EndTime "10:57:54 PST"]
[Termination "kekic76 won by resignation"]

1. d4 d6 2. c4 e5 3. Nc3 Nc6 4. Nf3 Be7 5. e4 Nf6 6. Be2 O-O 7. O-O exd4 8. Nxd4 Nxd4 9. Qxd4 Nd7 10. Nd5 Bf6 11.
Nxf6+ Qxf6 12. Qd3 Re8 13. Qg3 Rxe4 14. Bg5 Qe5 15. f4 Qd4+ 16. Qf2 Qxf2+ 17. Kxf2 Nc5 18. b4 Ne6 19. Bd3 Nxg5 20. Bxe4 Nxe4+ 21. Ke3 Nf6 22. h3 h5 23. Kf3 Bd7 24. Rfe1 Kf8 25. Rad1 Re8 26. Rxe8+ Kxe8 27. c5 dxc5 28. bxc5 Bc6+ 29. Ke3 Nd5+ 30. Kf2 Nxf4 31. Kg3 Ne6 32. Rc1 g5 33. h4 gxh4+ 34. Kxh4 Bxg2 35. Kxh5 Bd5 36. Kg4 Kd7 37. Kf5 Kc6 38. Ke5 Bxa2 0-1

[Event "*** Titled Tuesday Blitz"]
[Site "Chess.com"]
[Date "2021.03.09"]
[Round "5"]
[White "slavenok"]
[Black "GM_LOADING"]
[Result "1-0"]
[WhiteElo "2733"]
[BlackElo "2546"]
[TimeControl "180+1"]
[EndTime "10:57:55 PST"]
[Termination "slavenok won by checkmate"]

1. e4 e5 2. Nf3 Nc6 3. d4 exd4 4. Bc4 Nf6 5. Qe2 d6 6. h3 Be7 7. O-O O-O 8. Rd1 Ne5 9. Rxd4 Nxc4 10. Rxc4 Be6 11. Rd4 Nd7 12. Nc3 Bf6 13. Rd1 Bxc3 14. bxc3 Qe7 15. Bf4 Rfe8 16. Nd4 Nc5 17. f3 Bd7 18.
Qf2 Qf6 19. Be3 Rad8 20. Rab1 b6 21. Qg3 h6 22. Rf1 Na4 23. Ne2 Be6 24. a3 Bc4 25.
Rf2 Bxe2 26. Rb4 b5 27. Rxe2 c5 28. Rb3 c4 29. Bd4 Qg6 30. Qxg6 fxg6 31. Rxb5 Rb8 32. Ra5 Nc5 33. Bxc5 dxc5 34. Rxc5 Rb2 35. Rxc4 h5 36.
Rc7 h4 37. Rd2 Reb8 38. Rdd7 Rxc2 39. Rxg7+ Kh8 40. Rh7+ Kg8 41. Rcg7+ Kf8 42. Rxa7 Rb1+ 43. Kh2 Kg8 44. Rag7+ Kf8 45. Rc7 g5 46. Rh8# 1-0

[Event "*** Titled Tuesday Blitz"]
[Site "Chess.com"]
[Date "2021.03.09"]
[Round "5"]
[White "Ghost_Pepper"]
[Black "AlexSuv"]
[Result "1-0"]
[WhiteElo "2401"]
[BlackElo "2514"]
[TimeControl "180+1"]
[EndTime "10:57:56 PST"]
[Termination "Ghost_Pepper won by resignation"]

1. e4 c5 2. Nf3 e6 3. g3 d5 4. exd5 exd5 5. Bg2 Nc6 6. d4 Bg4 7. O-O cxd4 8. Re1+ Be7 9. h3 Bxf3 10. Qxf3 Nf6 11.
Nd2 O-O 12. Nb3 Rc8 13. Bg5 h6 14. Bf4 Nb4 15. Nxd4 Ne4 16. c3 Na6 17. Rad1 Bf6 18. Nf5 Qa5 19. Bxh6 Qb6 20. Bxg7 Bxg7 21. Ne7+ Kh8 22.
Rxd5 Nf6 23. Rd4 Bh6 24. Rh4 Nh7 25. Nxc8 Rxc8 26. Qxb7 Qxb7 27. Bxb7 Rb8 28. Bxa6 1-0

[Event "*** Titled Tuesday Blitz"]
[Site "Chess.com"]
[Date "2021.03.09"]
[Round "5"]
[White "Piotrek1979"]
[Black "KarateBaby"]
[Result "1-0"]
[WhiteElo "2369"]
[BlackElo "2209"]
[TimeControl "180+1"]
[EndTime "10:57:56 PST"]
[Termination "Piotrek1979 won by checkmate"]

1. e4 g6 2. d4 Bg7 3. Nf3 d6 4. Bc4 Nf6 5. Qe2 Bg4 6. e5 dxe5 7. Bxf7+ Kf8 8. dxe5 Bxf3 9. Qxf3 Kxf7 10. exf6 exf6 11. Qb3+ Kf8 12. O-O b6 13. Nc3 Nd7 14. Rd1 Qe7 15. Qd5 Re8 16. Bf4 Ne5 17. Bxe5 Qxe5 18. Qc6 Kf7 19.
Rd7+ Re7 20. Nd5 Rxd7 21. Qxd7+ Kg8 22. f4 Qxb2 23. Re1 h6 24. f5 Qd4+ 25. Kh1 Qf2 26.
Ne7+ Kf8 27. Qd8+ Kf7 28. fxg6# 1-0

[Event "*** Titled Tuesday Blitz"]
[Site "Chess.com"]
[Date "2021.03.09"]
[Round "5"]
[White "Duhless"]
[Black "alexrustemov"]
[Result "1-0"]
[WhiteElo "3020"]
[BlackElo "2766"]
[TimeControl "180+1"]
[EndTime "10:57:57 PST"]
[Termination "Duhless won on time"]

1. d4 d5 2. Nf3 Nf6 3. c4 e6 4. g3 Bb4+ 5. Nbd2 O-O 6. Bg2 b6 7. O-O Bb7 8. b3 Nbd7 9. Bb2 c5 10. a3 Bxd2 11. Nxd2 Qe7 12. Re1 cxd4 13. Bxd4 e5 14. Bb2 Nc5 15. b4 Nce4 16. cxd5 Bxd5 17. Nxe4 Bxe4 18. Bxe4 Nxe4 19. Qd5 Nf6 20. Qxe5 Qxe5 21. Bxe5 Rfe8 22. Bd4 Rad8 23. e3 Ne4 24. Kg2 f6 25. b5 Rc8 26. Rec1 Kf7 27. a4 Ke6 28. a5 Rxc1 29. Rxc1 Nd6 30. axb6 axb6 31. Rc6 Rb8 32. Bxb6 Kd5 33. Rc5+ Ke6 34. Bc7 Rb7 35. Rc6 1-0

[Event "*** Titled Tuesday Blitz"]
[Site "Chess.com"]
[Date "2021.03.09"]
[Round "5"]
[White "Sashadav97"]
[Black "Saxar85"]
[Result "0-1"]
[WhiteElo "2593"]
[BlackElo "2794"]
[TimeControl "180+1"]
[EndTime "10:57:57 PST"]
[Termination "Saxar85 won by resignation"]

1. d4 Nf6 2. c4 d6 3. Nc3 e5 4. Nf3 e4 5. Ng5 Bf5 6. g3 h6 7.
Nh3 c6 8. Bg2 Be7 9. f3 exf3 10.
exf3 O-O 11. O-O Na6 12. Be3 d5 13. b3 Nc7 14. Qd2 Qd7 15. Nf4 Ne6 16. g4 Bh7 17. Nxe6 Qxe6 18. c5 b6 19. b4 a5 20. a3 axb4 21.
axb4 bxc5 22. bxc5 Qd7 23. h3 Rfb8 24. Bf4 Re8 25. Na4 Ra6 26. Nb6 Qa7 27. Qb2 Bd8 28. Nc8 Qa8 29. Nd6 Rf8 30. Qb7 Rxa1 0-1

[Event "*** Titled Tuesday Blitz"]
[Site "Chess.com"]
[Date "2021.03.09"]
[Round "5"]
[White "zverr1"]
[Black "gusmaster2262"]
[Result "1-0"]
[WhiteElo "2433"]
[BlackElo "2137"]
[TimeControl "180+1"]
[EndTime "10:57:58 PST"]
[Termination "zverr1 won on time"]

1. e4 c6 2. Nf3 d5 3. exd5 cxd5 4.
Ne5 Nf6 5. d4 Nc6 6. Bb5 Bd7 7.
Nxd7 Qxd7 8. c3 e6 9. O-O Bd6 10. Nd2 O-O 11. Nf3 Qc7 12. h3 Ne7 13. Bd3 Ng6 14. Qc2 Rac8 15. Bg5 a6 16. a4 Bf4 17. Bxg6 hxg6 18. a5 Ne4 19. Bxf4 Qxf4 20. Qc1 Qxc1 21. Rfxc1 Rc7 22. Ra4 Rfc8 23. Rb4 f6 24.
Kf1 Kf7 25. Ke2 Ke7 26. Ne1 Nd6 27. Nd3 Nc4 28. Ra1 e5 29. dxe5 fxe5 30. b3 e4 31. Nf4 1-0

[Event "*** Titled Tuesday Blitz"]
[Site "Chess.com"]
[Date "2021.03.09"]
[Round "5"]
[White "Oligan22"]
[Black "andrewtnb"]
[Result "1-0"]
[WhiteElo "2482"]
[BlackElo "2320"]
[TimeControl "180+1"]
[EndTime "10:57:59 PST"]
[Termination "Oligan22 won on time"]

1. d4 Nf6 2. Bf4 d5 3. e3 c6 4. Nf3 Bg4 5. h3 Bh5 6. c4 Bxf3 7. Qxf3 e6 8. a3 Nbd7 9. Nc3 Qa5 10. Bd3 dxc4 11.
Bxc4 Nd5 12. Rc1 N7b6 13. Bxd5 Nxd5 14. O-O Be7 15. Nxd5 Qxd5 16. Qg3 O-O 17. Be5 f6 18. Bf4 Kh8 19. Qg4 Rad8 20. Rfd1 Rd7 21. Qe2 Bd6 22. Bxd6 Rxd6 23. Rc5 Qb3 24. Rd3 Qa2 25. Qc2 1-0

[Event "*** Titled Tuesday Blitz"]
[Site "Chess.com"]
[Date "2021.03.09"]
[Round "5"]
[White "A-Fier"]
[Black "Sanan_Sjugirov"]
[Result "0-1"]
[WhiteElo "2694"]
[BlackElo "2896"]
[TimeControl "180+1"]
[EndTime "10:58:00 PST"]
[Termination "Sanan_Sjugirov won by resignation"]

1. d4 d5 2. c4 c6 3. Nc3 Nf6 4. e3 a6 5. Qc2 e6 6. Nf3 Nbd7 7. b3 Bd6 8. Be2 O-O 9. Bb2 e5 10. cxd5 cxd5 11. dxe5 Nxe5 12. O-O Bg4 13. Nxe5 Bxe5 14.
Bxg4 Nxg4 15. h3 Nf6 16. Ne2 Rc8 17. Qb1 Qd6 18. Bxe5 Qxe5 19. Qd3 Rc7 20. Rac1 Rfc8 21. Rxc7 Rxc7 22. Rd1 Qb2 23. Nf4 Rc5 24. Qd4 Qxd4 25.
Rxd4 Kf8 26. Rd2 Ke7 27. f3 g5 28. Ne2 Ne8 29. Kf2 Nc7 30. Nd4 Kf6 31. g4 Rc1 32. Nf5 h5 33. Ng3 h4 34. Nf5 Ke5 35. Kg2 b5 36.
Kf2 b4 37. f4+ gxf4 38. Nxh4 fxe3+ 39. Kxe3 Rc3+ 40. Rd3 d4+ 41. Kd2 Ke4 42. Rxc3 bxc3+ 43. Kc2 Nd5 44. Nf5 Nb4+ 45. Kc1 d3 0-1